 Dungeon Crawl Stone Soup version 0.19.1 (webtiles) character file.

35 Mefis the Magician (level 3, 0/20 HPs)
             Began as a Deep Elf Wizard on Dec 22, 2016.
             Slain by a kobold
             ... wielding a +0 club
              (3 damage)
             ... on level 2 of the Dungeon.
             The game lasted 00:02:52 (1050 turns).

Mefis the Magician (Deep Elf Wizard)                Turns: 1050, Time: 00:02:53

Health: 0/20       AC:  2    Str:  4    XL:     3   Next: 17%
Magic:  1/12       EV: 13    Int: 26    God:
Gold:   48         SH:  0    Dex: 13    Spells: 6 memorised, 0 levels left

rFire  . . .     SeeInvis .     (no weapon)
rCold  . . .     Gourm    .     a - +0 robe
rNeg   . . .     Faith    .     (no shield)
rPois  .         Spirit   .     b - +0 hat
rElec  .         Reflect  .     (no cloak)
rCorr  .         Harm     .     (no gloves)
MR     .....                    (no boots)
Stlth  ++........               (no amulet)
                                (no ring)
                                f - +3 ring of intelligence

@: very slightly contaminated, slowed, repel missiles, very slow
A: no striking features
a: no special abilities


You were on level 2 of the Dungeon.
You were not hungry.

You visited 1 branch of the dungeon, and saw 2 of its levels.

You collected 48 gold pieces.

Inventory:

Hand Weapons
 k - a +0 hunting sling
Missiles
 m - 27 sling bullets
Armour
 a - a +0 robe (worn)
 b - a +0 hat (worn)
Jewellery
 f - a +3 ring of intelligence (left hand)
Scrolls
 j - a scroll of immolation {unknown}
 l - a scroll of noise {unknown}
 q - 5 scrolls of identify {unknown}
 r - a scroll of teleportation {unknown}
Potions
 e - a potion of lignification {unknown}
 h - a potion of haste {unknown}
 i - a potion of berserk rage {unknown}
 o - 2 potions of agility {unknown}
 p - a potion of curing {unknown}
Books
 c - a book of Minor Magic

   Spells                             Type                      Level
   a - Magic Dart                     Conjuration                  1
   b - Blink                          Translocation                2
   c - Call Imp                       Summoning                    2
   d - Repel Missiles                 Charms/Air                   2
   e - Slow                           Hexes                        2
   f - Conjure Flame                  Conjuration/Fire             3
   g - Mephitic Cloud                 Conjuration/Poison/Air       3
Comestibles
 d - 3 bread rations
 g - a beef jerky
 n - 8 fruits


   Skills:
 + Level 0.7 Fighting
 + Level 2.5 Dodging
 + Level 2.7 Stealth
 * Level 5.5 Spellcasting
 + Level 1.2 Conjurations
 - Level 1.1 Summonings
 - Level 1.1 Translocations
 + Level 0.0 Air Magic
 + Level 0.0 Poison Magic


You couldn't memorise any spells.
You knew the following spells:

 Your Spells              Type           Power        Failure   Level  Hunger
a - Magic Dart            Conj           ##..         4%          1    None
b - Call Imp              Summ           ##......     10%         2    None
c - Blink                 Tloc           N/A          10%         2    None
d - Repel Missiles        Chrm/Air       #.....       14%         2    None
e - Mephitic Cloud        Conj/Pois/Air  #.......     21%         3    #......
f - Conjure Flame         Conj/Fire      ##......     21%         3    #......


Dungeon Overview and Level Annotations

Branches:
Dungeon (2/15)

Altars:

Annotations:
D:2 Natasha


Message History

The bat closely misses you. The bat closely misses you.
The bat hits you but does no damage. The bat hits you.
The bat closely misses you. The bat closely misses you. x2
The bat hits you but does no damage. The kobold misses you.
The kobold hits you with a club.
Casting: Blink
Confirm with . or Enter, or press ? or * to list all spells.
A beastly little devil appears in a puff of flame.
The bat barely misses your crimson imp.
The bat closely misses your crimson imp.
The bat barely misses your crimson imp. The kobold hits you but does no damage.
The bat closely misses your crimson imp.
The kobold hits you with a club.
* * * LOW HITPOINT WARNING * * *
The bat misses your crimson imp.
The bat barely misses your crimson imp. x3; The bat hits your crimson imp.
Your crimson imp blinks!
The kobold hits you with a club.
You die...

##.#####....##
#.##....#.##
#.##.##...#
#.##.###..#
#.##.# #..#
#.##.# #..#
#.##.# #..# #.#
#......(. #@#
#5####### #K#
#.# #.# #.#
#.##b###.#######
#...§h.h........
########........
##.......
#######


You could see Natasha, a bat and a kobold.

Vanquished Creatures
  A gnoll (D:1)
  An adder (D:2)
  2 dart slugs (D:1)
  A leopard gecko (D:1)
  3 bats (D:1)
  2 bat zombies (D:1)
  A giant cockroach (D:1)
  A hobgoblin (D:1)
  3 frilled lizards (D:1)
  A rat (D:1)
16 creatures vanquished.

Vanquished Creatures (collateral kills)
  A giant cockroach (D:1)
1 creature vanquished.

Grand Total: 17 creatures vanquished

Notes
Turn   | Place    | Note
-------+----------+-------------------------------------------
     0 | D:1      | Mefis the Deep Elf Wizard began the quest for the Orb.
     0 | D:1      | Reached XP level 1. HP: 10/10 MP: 7/7
   259 | D:1      | Reached XP level 2. HP: 15/15 MP: 3/9
   263 | D:1      | Learned a level 2 spell: Call Imp
   266 | D:1      | Learned a level 2 spell: Blink
   269 | D:1      | Learned a level 2 spell: Repel Missiles
   458 | D:1      | Reached skill level 5 in Spellcasting
   946 | D:2      | Reached XP level 3. HP: 20/20 MP: 6/12
   951 | D:2      | Learned a level 3 spell: Mephitic Cloud
   955 | D:2      | Learned a level 3 spell: Conjure Flame
  1029 | D:2      | Noticed Natasha
  1050 | D:2      | Slain by a kobold

Skill      XL: |  1  2 |
---------------+-------+-----
Spellcasting   | 5 |  5.5
Fighting       | |  0.7
Dodging        | |  2.5
Stealth        | |  2.7
Conjurations   | |  1.2
Summonings     | |  1.1
Translocations | |  1.1

Action                   || total
-------------------------++-------
 Cast: Magic Dart        ||    56
       Call Imp          ||     2
       Repel Missiles    ||     1
       Mephitic Cloud    ||     1
       Blink             ||     1
Armor: Robe              ||    12
Dodge: Dodged            ||    25
